 Dungeon Crawl Stone Soup version 0.31-a0-214-gb37851dbb3 (webtiles) character file.

Game seed: 13778953980487906817

67 gelatine the Shooter (level 3, -7/26 (28) HPs)
             Began as a Demonspawn Hunter on July 2, 2023.
             Mangled by Robin
             ... wielding a +2 heavy falchion
              (15 damage)
             ... on level 2 of the Dungeon.
             The game lasted 00:02:33 (1047 turns).

gelatine the Shooter (Demonspawn Hunter)            Turns: 1047, Time: 00:02:34

HP:   -7/26 (28)    AC:  6    Str: 10 (11) XL:     3   Next: 98%
MP:   3/3           EV: 11    Int:  7 (10) God:
Gold: 71            SH:  0    Dex: 15 (18) Spells: 2/2 levels left

rFire   . . .        a - +0 shortbow
rCold   . . .        (shield currently unavailable)
rNeg    . . .        c - +0 leather armour
rPois   .            (no helmet)
rElec   .            (no cloak)
rCorr   .            (no gloves)
SInv    .            f - +0 pair of boots
Will    .....        (no amulet)
Stlth   +            (no ring)
HPRegen 0.24/turn    (no ring)
MPRegen 0.08/turn

%: no passive effects
@: brilliant, drained
A: icy blue scales 1
a: no special abilities


You were on level 2 of the Dungeon.
You visited 1 branch of the dungeon, and saw 2 of its levels.

You collected 71 gold pieces.

Inventory:

Hand Weapons
 a - a +0 shortbow (weapon)
Missiles
 j - 9 datura-tipped darts
Armour
 c - a +0 leather armour (worn)
 f - a +0 pair of boots (worn)
Scrolls
 b - a scroll of butterflies
 e - 2 scrolls of fear {unknown}
 h - a scroll of teleportation {unknown}
 i - a scroll of fog {unknown}
 l - a scroll of enchant weapon {unknown}
Potions
 d - a potion of curing


   Skills:
 + Level 2.4 Fighting
 + Level 4.7 Ranged Weapons
 + Level 0.7 Armour
 + Level 1.8 Dodging
 + Level 1.0 Stealth


You had 2 spell levels left.
You didn't know any spells.
Your spell library was empty.

Dungeon Overview and Level Annotations

Branches:
Dungeon (2/15)

Altars:

Shops:
D:2 :

Annotations:
D:2 Robin


Innate Abilities, Weirdness & Mutations

You are partially covered in icy blue scales. (AC +2)


Message History

You shoot an arrow. The arrow closely misses the goblin.
The goblin barely misses you.
You shoot an arrow. The arrow hits the goblin!
You kill the goblin!
Robin roars a battlecry!
The goblins go into a battle-frenzy!
The hobgoblin barely misses you.
You shoot an arrow. The arrow closely misses the hobgoblin.
The arrow barely misses the goblin.
The arrow completely misses Robin.
The hobgoblin hits you.
You shoot an arrow. The arrow hits the hobgoblin.
You kill the hobgoblin!
You shoot an arrow. The arrow hits the goblin!
You kill the goblin!
Robin flexes a bicep menacingly.
Your Stealth skill increases to level 1!
You shoot an arrow. The arrow barely misses Robin.
A dart slug comes into view.
You shoot an arrow. The arrow barely misses Robin.
Robin closely misses you.
You shoot an arrow.
The arrow hits Robin but does no damage.
Robin laughs in a distinctly smug fashion.
Robin hits you but does no damage.
You shoot an arrow. The arrow barely misses Robin.
Robin hits you with a +2 heavy falchion!
You shoot an arrow. The arrow hits Robin.
Robin is moderately wounded.
Robin hits you with a +2 heavy falchion!
You are too injured to fight recklessly!
You are too injured to fight recklessly!
You are too injured to fight recklessly!
Unknown command.
It was a potion of degeneration.
There was something very wrong with that liquid.
You feel weakened.
You feel dopey.
You feel clumsy.
It was a potion of brilliance.
You feel clever all of a sudden.
Robin hits you with a +2 heavy falchion!
Ouch! That really hurt!
You die...

#.# #.# ##+##
# #.#
#.######### #
#.#
#.#........ #
#.# #)#.#####
#...)...# .
###.###.# ...
#.# #.# #....
#.###.#......
#)@g.w...#
#####....#
###..# .....
...... ###.#
.#


You could see Robin and a dart slug.

Vanquished Creatures
  Jessica (D:2)
  A dart slug (D:2)
  3 ball pythons
  2 endoplasms (D:1)
  5 goblins (D:2)
  7 hobgoblins
  5 kobolds
  5 bats
  6 frilled lizards
  3 rats (D:1)
38 creatures vanquished.

Notes
Turn   | Place    | Note
-------+----------+-------------------------------------------
     0 | D:1      | gelatine the Demonspawn Hunter began the quest for the Orb.
     0 | D:1      | Reached XP level 1. HP: 16/16 MP: 1/1
   213 | D:1      | Reached skill level 4 in Ranged Weapons
   213 | D:1      | Gained mutation: You are partially covered in icy blue
                  | scales. (AC +2) [demonic ancestry]
   213 | D:1      | Reached XP level 2. HP: 22/22 MP: 2/2
   390 | D:1      | Found a faded altar of an unknown god.
   703 | D:2      | Found Ushriena's Vocational Training.
   802 | D:2      | Noticed Jessica
   810 | D:2      | Killed Jessica
   811 | D:2      | Reached XP level 3. HP: 4/26 MP: 3/3
  1032 | D:2      | Noticed Robin
  1041 | D:2      | Reached skill level 1 in Stealth
  1047 | D:2      | Mangled by Robin

Illustrated notes

Levels and vault maps discovered:
D:1:      dpeg_arrival_rooms_c, layout_basic,
          shapermc_ecumenical_altar_starsandcircs, kennysheep_crisscross,
          st_stairs_12
D:2:      layout_loops_corners, basic_altar, grunt_ministairs_9,
          nicolae_shop_vocational, uniq_jessica, uniq_robin

Skill      XL: |  1  2  3 |
---------------+----------+-----
Ranged Weapons | 4 |  4.7
Stealth        | 1 |  1.0
Fighting       | |  2.4
Armour         | |  0.7
Dodging        | |  1.8

Action                     || total
---------------------------++-------
   Fire: Shortbow          ||   105
    Use: Potion            ||     2
 Armour: Leather armour    ||    13
  Dodge: Dodged            ||    20

Table legend: (Time is in decaauts)
 A = Elapsed time spent in this place.
 B = Non-inter-level travel time spent in this place.
 C = Inter-level travel time spent in this place.
 D = Time resting spent in this place.
 E = Time spent auto-exploring this place.
 F = Levels seen in this place.
 G = Mean time per level.
                   A        B        C        D        E       F      G
               +--------+--------+--------+--------+--------+-----+--------+
         Total |   1071 |   1033 |     38 |      0 |    827 |   2 |  535.5 |
       Dungeon |   1071 |   1033 |     38 |      0 |    827 |   2 |  535.5 |
               +--------+--------+--------+--------+--------+-----+--------+

Top non-repeatable levels by time:
     D:1: 680 daAuts
     D:2: 391 daAuts
